 Dungeon Crawl Stone Soup version 0.16.0-7-ge91f220 (webtiles) character file.

494 Fluffy the Charmwright (level 6, -12/42 HPs)
             Began as a High Elf Skald on Mar 15, 2015.
             Was an Initiate of the Shining One.
             Killed by divine providence
             ... invoked by an orc priest
              (13 damage)
             ... on level 5 of the Dungeon.
             The game lasted 00:18:48 (4893 turns).

Fluffy the Charmwright (High Elf Skald)             Turns: 4893, Time: 00:18:49

Health: -12/42     AC:  5    Str: 16    XL:     6   Next: 92%
Magic:  14/18      EV: 19    Int: 19    God:    the Shining One [......]
Gold:   179        SH:  0    Dex: 19    Spells: 3 memorised, 8 levels left

rFire  . . .     SeeInvis .     a - +1 falchion
rCold  . . .     Clarity  .     b - +0 leather armour
rNeg   . . .     SustAb   .     (no shield)
rPois  .         Gourm    .     e - +0 helmet
rElec  .         Spirit   .     (no cloak)
rCorr  .         Warding  .     (no gloves)
rMut   .         Stasis   .     (no boots)
MR     .....                    (no amulet)
Stlth  ++........               r - +1 ring of protection
                                q - ring of flight

@: mighty, agile, lethally poisoned (-12 -> -15), shrouded (expiring), singing,
not resistant to hostile enchantments, unstealthy
A: no striking features
a: Renounce Religion, Stop Singing, Evoke Flight


You were on level 5 of the Dungeon.
You worshipped the Shining One.
The Shining One was noncommittal.
You were very hungry.

You visited 2 branches of the dungeon, and saw 6 of its levels.

You collected 179 gold pieces.

Inventory:

Hand weapons
 a - a +1 falchion (weapon)
Armour
 b - a +0 leather armour (worn)
 e - a +0 helmet (worn)
Jewellery
 q - a ring of flight (left hand)
 r - a +1 ring of protection (right hand)
Scrolls
 f - 4 scrolls of magic mapping
 i - a scroll of amnesia
 l - a scroll of blinking
 o - a scroll of teleportation
 p - 4 scrolls of remove curse
 s - 2 scrolls of identify
Potions
 j - a potion of might
 m - a potion of restore abilities
Books
 c - a book of Battle

   Spells                             Type                      Level
   a - Infusion                       Charms                       1
   b - Shroud of Golubria             Charms/Translocation         2
   c - Song of Slaying                Charms                       2
   d - Spectral Weapon                Hexes/Charms                 3
   e - Regeneration                   Charms/Necromancy            3
Comestibles
 d - 4 bread rations
 h - 4 fruits
 n - 3 beef jerkies
 u - 2 meat rations


   Skills:
 + Level 3.4 Fighting
 + Level 4.4 Long Blades
 - Level 0.8 Armour
 + Level 3.3 Dodging
 + Level 4.1 Spellcasting
 + Level 5.1 Charms
 + Level 2.3 Translocations


You had 8 spell levels left.
You knew the following spells:

 Your Spells              Type           Power        Failure   Level  Hunger
a - Infusion              Chrm           ###...       1%          1    None
b - Song of Slaying       Chrm           ###.....     3%          2    ##.....
c - Shroud of Golubria    Chrm/Tloc      ###.......   8%          2    ##.....


Dungeon Overview and Level Annotations

Branches:
Dungeon (5/15)             Temple (1/1) D:5

Altars:
Ashenzari
Cheibriados
Dithmenos
Fedhas
Kikubaaqudgha
Makhleb
Nemelex Xobeh
Okawaru
Qazlal
Ru
Sif Muna
Trog
Vehumet
Xom
Zin
The Shining One


Message History

* * * LOW HITPOINT WARNING * * *
The orc wizard gestures wildly while chanting.
You feel a wave of unholy energy pass over you.
Drink which item? (? for menu, Esc to quit)
You feel agile all of a sudden. The worker ant closely misses you.
Your shroud bends the adder zombie's attack away.
The orc priest's eyes start to glow.
The worker ant bites you.
* * * LOW HITPOINT WARNING * * *
You are lethally poisoned!
The worker ant poisons you!
An orc comes into view. It is wielding a club.
You slash the adder zombie!!
You destroy the adder zombie!
* * * LOW HITPOINT WARNING * * *
You feel sick.
The orc priest mumbles some strange prayers to Beogh against you.
Something smites you!
You die...

#..###.##(###.#..
#..###.##........ #
#..........##.##.
#.#.###.###.....#.....
#......o# #........##.
###.....# #.....#.####
#####.###.....#.##..
###oS.....### #.#
#@aooo.##.# ....
#.#o##.# .# ###.#
#.#..o.# .. #.#.##.#
## #.... # # ###.. #
##.. # .. # . ##


You could see a worker ant, 2 orc priests, an orc wizard, an adder and 3 orcs.

Vanquished Creatures
  A phantom (D:4)
  5 orc wizards
  A centaur skeleton (D:5)
  2 orc priests
  2 worker ants
  A hound skeleton (D:5)
  8 adders
  2 giant mites
  A worm (D:5)
  An adder zombie (D:5)
  A giant gecko (D:5)
  3 oozes
  16 orcs
  9 bats
  A bat skeleton (D:5)
  4 giant cockroaches
  10 hobgoblins
  2 quokkas
  A ball python (D:4)
  A giant gecko skeleton (D:4)
  4 giant newts
  9 goblins
  8 kobolds
  13 rats
106 creatures vanquished.

Notes
Turn   | Place    | Note
--------------------------------------------------------------
     0 | D:1      | Fluffy, the High Elf Skald, began the quest for the Orb.
     0 | D:1      | Reached XP level 1. HP: 14/14 MP: 4/4
   455 | D:1      | Reached XP level 2. HP: 19/19 MP: 1/6
   461 | D:1      | Learned a level 2 spell: Song of Slaying
   464 | D:1      | Learned a level 2 spell: Shroud of Golubria
   825 | D:1      | Reached skill level 4 in Charms
   859 | D:1      | Reached XP level 3. HP: 22/24 MP: 4/8
  1567 | D:2      | Reached XP level 4. HP: 12/30 MP: 8/12
  2059 | D:3      | Reached skill level 1 in Translocations
  2435 | D:3      | Reached XP level 5. HP: 32/35 MP: 9/14
  3323 | D:4      | Noticed a phantom
  3619 | D:4      | Killed a phantom
  3619 | D:4      | Reached XP level 6. HP: 19/42 MP: 10/18
  4142 | D:5      | Entered Level 5 of the Dungeon
  4265 | D:5      | Reached skill level 5 in Charms
  4669 | D:5      | Found a staircase to the Ecumenical Temple.
  4674 | Temple   | Entered the Ecumenical Temple
  4831 | Temple   | Became a worshipper of the Shining One
  4892 | D:5      | HP: 2/42 [worker ant[an orc wizard] (2)]
  4893 | D:5      | Killed from afar by an orc priest

Action                   |  1- 3 |  4- 6 || total
-------------------------+-------+-------++-------
Melee: Falchion          |   117 |   207 ||   324
 Cast: Infusion          |    17 |    17 ||    34
       Shroud of Golubri |     2 |    19 ||    21
       Song of Slaying   |     2 |     5 ||     7
  Use: Scroll            |       |    15 ||    15
       Potion            |       |     4 ||     4
 Stab: Sleeping          |       |     2 ||     2
  Eat: Chunk             |     2 |    11 ||    13
